 Dungeon Crawl Stone Soup version 0.26-a0-658-gbdda728c12 (webtiles) character file.

Game seed: 14396422883307973397

2452 Drevant2 the Martial Artist (level 9, -5/64 HPs)
             Began as a Purple Draconian Transmuter on Oct 5, 2020.
             Slain by a yak (14 damage)
             ... on level 10 of the Dungeon.
             The game lasted 00:24:45 (11954 turns).

Drevant2 the Martial Artist (DrTm)                 Turns: 11954, Time: 00:24:46

Health: -5/64      AC:  7    Str: 13    XL:     9   Next: 25%
Magic:  18/18      EV: 12    Int: 15    God:
Gold:   504        SH:  0    Dex: 13    Spells: 14/20 levels left

rFire    + . .     SeeInvis .     - Unarmed
rCold    + . .     Faith    .   (no shield)
rNeg     . . .     Spirit   .   (armour unavailable)
rPois    .         Reflect  .   (helmet currently unavailable)
rElec    .         Harm     .   D - scarf {rC+ rF+}
rCorr    .         Rampage  .   (no gloves)
MR       +....                  (boots currently unavailable)
Stlth    +.........             (no amulet)
HPRegen  0.20/turn              (no ring)
MPRegen  0.16/turn              (no ring)

@: appendages, lightly drained
A: breathe power, unfitting armour, horns 2, talons 2, cold-blooded, AC +7
a: Breathe Dispelling Energy, End Transformation


You were on level 10 of the Dungeon.
You had grown temporary horns.
You had grown temporary talons.
You visited 1 branch of the dungeon, and saw 10 of its levels.

You collected 504 gold pieces.

Inventory:

Armour
 p - a +0 pair of boots (melded)
 C - a +2 hat
 D - a scarf of resistance (worn)
 E - a +0 cloak
Jewellery
 c - an uncursed ring of resist corrosion {unknown}
 j - an uncursed ring of wizardry {unknown}
 q - an uncursed amulet of faith {unknown}
 F - an uncursed ring of see invisible
Wands
 f - a wand of flame (9)
 h - a wand of digging (6)
 o - a wand of iceblast (15)
 u - a wand of acid (8)
 y - a wand of paralysis (8)
Scrolls
 a - 12 scrolls of identify
 b - a scroll of enchant weapon {unknown}
 d - 5 scrolls of teleportation
 e - 3 scrolls of immolation {unknown}
 g - 3 scrolls of blinking {unknown}
 i - 2 scrolls of fear {unknown}
 m - 2 scrolls of noise
 n - a scroll of acquirement {unknown}
 t - a scroll of random uselessness {unknown}
 v - 2 scrolls of enchant armour {unknown}
 w - 6 scrolls of remove curse
 z - a scroll of fog {unknown}
 A - a scroll of magic mapping {unknown}
 B - 5 scrolls of amnesia {unknown}
 G - a scroll of torment {unknown}
Potions
 k - 3 potions of degeneration {unknown}
 l - 6 potions of curing
 r - a potion of stabbing
 s - a potion of might {unknown}
 H - a potion of invisibility {unknown}


   Skills:
 - Level 1.1(0.6) Fighting
 - Level 1.7(1.3) Dodging
 * Level 8.7(8.1) Unarmed Combat
 - Level 6.1(5.6) Spellcasting
 * Level 8.3(7.7) Transmutations


You had 14 spell levels left.
You knew the following spells:

 Your Spells              Type           Power        Failure   Level
a - Beastly Appendage     Tmut           ####..       1%          1
b - Blade Hands           Tmut           ####......   17%         5

Your spell library contained the following spells:

 Spells                   Type           Power        Failure   Level
 Wereblood                Tmut           ####....     1%          2
 Spider Form              Tmut/Pois      ###.......   10%         3
 Shock                    Conj/Air       #...         16%         1
 Swiftness                Air            #.......     24%         2
 Ice Form                 Ice/Tmut       ###.....     30%         4
 Static Discharge         Conj/Air       #.......     43%         3
 Airstrike                Air            #.........   83%         4
 Lightning Bolt           Conj/Air       #.........   99%         5


Dungeon Overview and Level Annotations

Branches:
Dungeon (10/15)            Temple (0/1) D:5
   Lair: D:8-11         Orc: D:9-12

Altars:
Elyvilon
Fedhas
Gozag
Hepliaklqana
Kikubaaqudgha
Nemelex Xobeh
Okawaru
Qazlal
Ru
Sif Muna
Uskayaw
Vehumet
Zin
The Shining One

Annotations:
D:7 5 runed translucent doors, exclusion: statue
D:9 Erica


Innate Abilities, Weirdness & Mutations

You can breathe bolts of dispelling energy.
Your rich purple scales are hard. (AC +7)
You cannot fit into any form of body armour.
You are cold-blooded and may be slowed by cold attacks.
You have a pair of horns on your head.
You have razor-sharp toenails.


Message History

You hit the yak but do no damage. You punch the yak!
The yak is moderately wounded.
The yak barely misses you. The yak gores you!
You hit the yak but do no damage. You headbutt the yak.
The yak is moderately wounded.
The yak gores you!! The yak gores you!
* * * LOW HITPOINT WARNING * * *
You are too injured to fight recklessly!
You barely miss the yak. You claw the yak, but do no damage.
You headbutt the yak.
You tail-slap the yak, but do no damage.
The yak is heavily wounded.
The yak gores you.
* * * LOW HITPOINT WARNING * * *
The yak barely misses you.
You barely miss the yak. You claw the yak.
The yak is heavily wounded.
The yak gores you!
You die...

..... .....
######....
#........
#......#
#......#
#.Y....#
#@Y....#
#####..#
#..# #).#
#..# #..#
##..#
#.Y.#####...
#...<.......


You could see 2 yaks.

Vanquished Creatures
  An orc warrior (D:6)
  A black bear (D:4)
  2 ogres
  2 phantoms
  2 centaurs
  3 bullfrogs
  3 scorpions (D:5)
  4 wights
  A howler monkey (D:6)
  A vampire bat (D:5)
  A bullfrog zombie (D:7)
  4 hounds
  2 bullfrog skeletons
  3 orc priests
  A centaur zombie (D:6)
  2 centaur skeletons
  7 orc wizards
  An iguana (D:5)
  4 worker ants
  Terence (D:2)
  2 hound zombies (D:9)
  A howler monkey zombie (D:7)
  A mummy (D:5)
  11 adders
  2 shadow imps
  2 white imps
  3 oozes
  An adder zombie (D:6)
  4 adder skeletons
  4 worms
  3 dart slugs
  3 fire bats (D:5)
  A leopard gecko (D:5)
  30 orcs
  2 spectral bats (D:5)
  2 ball pythons
  21 bats
  3 bat skeletons (D:5)
  A bat zombie (D:5)
  6 giant cockroaches
  9 goblins
  3 hobgoblins
  16 jackals
  4 quokkas
  A bat simulacrum (D:5)
  2 frilled lizards
  11 kobolds
  2 kobold zombies (D:5)
  A leopard gecko skeleton (D:4)
  A quokka skeleton (D:5)
  A quokka zombie (D:6)
  5 rats
205 creatures vanquished.

Notes
Turn   | Place    | Note
-------+----------+-------------------------------------------
     0 | D:1      | Drevant2 the Draconian Transmuter began the quest for the
                  | Orb.
     0 | D:1      | Reached XP level 1. HP: 16/16 MP: 3/3
   235 | D:1      | Reached XP level 2. HP: 23/23 MP: 5/5
   948 | D:2      | Reached XP level 3. HP: 28/28 MP: 6/6
   958 | D:2      | Found an ancient bone altar of Kikubaaqudgha.
   958 | D:2      | Found a hide-covered altar of Uskayaw.
  1561 | D:2      | Reached XP level 4. HP: 24/35 MP: 5/7
  1791 | D:2      | Noticed Terence
  1806 | D:2      | Killed Terence
  1905 | D:2      | Found a blossoming altar of Fedhas.
  2238 | D:3      | Found a stormy altar of Qazlal.
  2560 | D:3      | Reached XP level 5. HP: 37/40 MP: 7/9
  2585 | D:3      | Learned a level 5 spell: Blade Hands
  2951 | D:3      | Found a glowing silver altar of Zin.
  2951 | D:3      | Found a glowing golden altar of the Shining One.
  2951 | D:3      | Found a white marble altar of Elyvilon.
  3471 | D:4      | Noticed a black bear
  3484 | D:4      | Killed a black bear
  3484 | D:4      | Reached skill level 5 in Unarmed Combat
  3484 | D:4      | Reached XP level 6. HP: 26/47 MP: 8/10
  4858 | D:5      | Entered Level 5 of the Dungeon
  4891 | D:5      | Reached skill level 5 in Transmutations
  4891 | D:5      | Your scales start taking on a rich purple colour.
  4891 | D:5      | Reached XP level 7. HP: 29/52 MP: 11/13
  4918 | D:5      | HP: 1/52 [orc/+0 short sword (3)]
  5128 | D:5      | Found a staircase to the Ecumenical Temple.
  5617 | D:5      | Found a stormy altar of Qazlal.
  6279 | D:5      | Reached skill level 5 in Spellcasting
  6626 | D:6      | Reached XP level 8. HP: 48/59 MP: 13/15
  7669 | D:7      | Found a runed translucent door.
  7716 | D:7      | Found a radiant altar of Vehumet.
  7731 | D:7      | Found the +9 staff of Olgreb {rPois∞}
  7738 | D:7      | Found a runed translucent gate.
  7738 | D:7      | Found a runed translucent gate.
  7755 | D:7      | Found a runed translucent door.
  7765 | D:7      | Found a runed translucent gate.
  8505 | D:7      | Found an iron altar of Okawaru.
  9882 | D:8      | Noticed a two-headed ogre
  9943 | D:8      | Found an opulent altar of Gozag.
 10491 | D:7      | Found a hazy altar of Hepliaklqana.
 10525 | D:7      | Reached XP level 9. HP: 59/64 MP: 16/18
 10736 | D:7      | Found a shimmering blue altar of Sif Muna.
 11503 | D:9      | Found a sparkling altar of Nemelex Xobeh.
 11609 | D:9      | Noticed Erica
 11905 | D:9      | Found a sacrificial altar of Ru.
 11932 | D:10     | Entered Level 10 of the Dungeon
 11954 | D:10     | Slain by a yak

Illustrated notes

Levels and vault maps discovered:
D:1:      dpeg_arrival_central, layout_loops_ring
D:2:      layout_loops_cross, fedhas_altar_fruit_tree,
          grunt_temple_overflow_open, uniq_terence
D:3:      layout_basic, good_gods_mini_temple, minmay_misc_feat_encased,
          grunt_qazlal_clouds
D:4:      minmay_recursive_quarters, layout_basic,
          eino_small_chamber_without_monster
D:5:      layout_cave_pools, nicolae_overflow_hidden_temple,
          minmay_temple_entry_overgrown, nicolae_ossuary_entry_giza,
          chequers_serial_rivers_large_a, goddamned_bats
D:6:      layout_loops_ring, palyth_stone_intersect
D:7:      layout_basic, kennysheep_mini, vehumet_statue, kennysheep_little_box,
          basic_altar, minmay_guarded_unrand_staff_of_olgreb
D:8:      layout_basic, old_standard_altar
D:9:      wad_pebble_path, layout_basic, nicolae_ru_awakened_eye,
          nemelex_xobeh_ov_fountains_minmay, lemuel_doored_altar, uniq_erica
D:10:     layout_irregular_city, serial_column_ruins, column_ruins_grid_3,
          column_ruins_open_small, column_ruins_grid_4, column_ruins_open_small,
          column_ruins_open_tiny, column_ruins_open_medium, minivault_29,
          uniq_harold

Skill      XL: |  1  2  3  4  5  6  7  8  9 |
---------------+----------------------------+-----
Transmutations | 3 4 5 6 7 8 |  8.3
Unarmed Combat | 4 5 6 8 |  8.7
Spellcasting   | 3 4 5 6 |  6.1
Fighting       | |  1.1
Dodging        | |  1.7

Action                   |  1- 3 |  4- 6 |  7- 9 || total
-------------------------+-------+-------+-------++-------
Melee: Unarmed           |   128 |   235 |   435 ||   798
       Tailslap          |    13 |    23 |    55 ||    91
       Punch             |     1 |     4 |     9 ||    14
       Kick              |    11 |    40 |    93 ||   144
       Headbutt          |    11 |    33 |    65 ||   109
 Cast: Beastly Appendage |    12 |    25 |    43 ||    80
Evoke: Wand              |       |     3 |     6 ||     9
  Use: Potion            |       |       |    11 ||    11
       Scroll            |       |       |     6 ||     6
 Stab: Sleeping          |       |     2 |     1 ||     3
Armor: Skin              |    38 |    62 |   123 ||   223
Dodge: Dodged            |    91 |   147 |   267 ||   505

Table legend: (Time is in decaauts)
 A = Elapsed time spent in this place.
 B = Non-inter-level travel time spent in this place.
 C = Inter-level travel time spent in this place.
 D = Time resting spent in this place.
 E = Time spent auto-exploring this place.
 F = Levels seen in this place.
 G = Mean time per level.
                   A        B        C        D        E       F      G
               +--------+--------+--------+--------+--------+-----+--------+
         Total |  11855 |  11317 |    538 |   3877 |   5620 |  10 | 1185.5 |
       Dungeon |  11855 |  11317 |    538 |   3877 |   5620 |  10 | 1185.5 |
               +--------+--------+--------+--------+--------+-----+--------+

Top non-repeatable levels by time:
     D:7: 1767 daAuts
     D:5: 1752 daAuts
     D:4: 1606 daAuts
     D:8: 1414 daAuts
     D:6: 1410 daAuts
     D:2: 1153 daAuts
     D:3: 1131 daAuts
     D:1: 938 daAuts
     D:9: 660 daAuts
    D:10: 21 daAuts
